 Dungeon Crawl Stone Soup version 0.27.1-4-g1640c2035a (webtiles) character file.

Game seed: 8383959997044281434

47 iamoutofideas the Chiller (level 3, 0/24 HPs)
             Began as a Demonspawn Ice Elementalist on Nov 10, 2021.
             Slain by an adder (1 damage)
             ... on level 1 of the Dungeon.
             The game lasted 00:01:31 (1766 turns).

iamoutofideas the Chiller (DsIE)                    Turns: 1766, Time: 00:01:32

Health: 0/24       AC:  2    Str:  8    XL:     3   Next: 48%
Magic:  1/6        EV: 16    Int: 17    God:
Gold:   61         SH:  0    Dex: 13    Spells: 5/6 levels left

rFire    . . .     SeeInvis .   d - +4 dagger (freeze)
rCold    . . .     Faith    .   (no shield)
rNeg     . . .     Spirit   .   a - +0 robe
rPois    .         Reflect  .   (helmet restricted)
rElec    .         Harm     .   (no cloak)
rCorr    .         Rampage  .   (no gloves)
Will     .....                  (no boots)
Stlth    ++........             (no amulet)
HPRegen  0.08/turn              j - +4 ring of evasion
MPRegen  0.10/turn              (no ring)

@: lethally poisoned (0 -> -5), very slightly contaminated
A: antennae 1, claws 1
a: no special abilities


You were on level 1 of the Dungeon.
You visited 1 branch of the dungeon, and saw 2 of its levels.

You collected 61 gold pieces.

Inventory:

Hand Weapons
 d - a +4 dagger of freezing (weapon)
Armour
 a - a +0 robe (worn)
Jewellery
 j - a +4 ring of evasion (left claw)
Scrolls
 c - a scroll of teleportation {unknown}
 e - a scroll of holy word {unknown}
 f - 2 scrolls of fear {unknown}
 g - 2 scrolls of summoning {unknown}
 h - a scroll of fog {unknown}
 k - 3 scrolls of identify {unknown}
Potions
 b - a potion of heal wounds {unknown}
 i - 2 potions of mutation {unknown}
 l - a potion of ambrosia {unknown}


   Skills:
 + Level 0.8 Short Blades
 + Level 1.8 Dodging
 + Level 2.1 Stealth
 + Level 2.2 Spellcasting
 + Level 4.3 Ice Magic


You had 5 spell levels left.
You knew the following spells:

 Your Spells              Type           Power      Damage    Failure   Level
a - Freeze                Ice            64%        1d8       3%          1

Your spell library contained the following spells:

 Spells                   Type           Power      Damage    Failure   Level
 Frozen Ramparts          Ice            32%        1d5       10%         3
 Ozocubu's Armour         Ice            16%        N/A       10%         3
 Summon Small Mammal      Summ           4%         N/A       19%         1
 Call Canine Familiar     Summ           1%         N/A       50%         3
 Summon Guardian Golem    Hex/Summ       1%         N/A       50%         3
 Hailstorm                Conj/Ice       9%         3d4       61%         4


Dungeon Overview and Level Annotations

Branches:
Dungeon (2/15)

Altars:
Kikubaaqudgha


Innate Abilities, Weirdness & Mutations

You have a pair of small antennae on your head.
You have sharp fingernails.


Message History

The adder bites you.
You are poisoned.
The adder poisons you! The goblin hits you with a +0 club.
The hobgoblin completely misses you.
Unknown command.
Casting: Freeze (safe; 3% risk of failure)
Confirm with . or Enter, or press ? or * to list all spells.
Aiming: Freeze (safe; 3% risk of failure)
Press: ? - help, Shift-Dir - straight line, f - adder, p - goblin
Aim: an adder You freeze the adder.
The adder is heavily wounded.
You feel sick. The adder bites you.
* * * LOW HITPOINT WARNING * * *
You are lethally poisoned!
The adder poisons you! The goblin barely misses you.
The hobgoblin barely misses you.
Unknown command.
Casting: Freeze (safe; 3% risk of failure)
Confirm with . or Enter, or press ? or * to list all spells.
Aiming: Freeze (safe; 3% risk of failure)
Press: ? - help, Shift-Dir - straight line, f/p - adder
Aim: an adder (heavily wounded)
You freeze the adder.
The adder is almost dead.
The adder seems to slow down.
* * * LOW HITPOINT WARNING * * *
You feel sick. The adder closely misses you.
The goblin hits you but does no damage. The hobgoblin closely misses you.
Unknown command.
Casting: Freeze (safe; 3% risk of failure)
Confirm with . or Enter, or press ? or * to list all spells.
Aiming: Freeze (safe; 3% risk of failure)
Press: ? - help, Shift-Dir - straight line, f/p - adder
Aim: an adder (almost dead, slow)
You freeze the adder.
The adder is almost dead.
* * * LOW HITPOINT WARNING * * *
You feel sick. The adder bites you.
You die...

###################.####.......##
# #........###.# # ######.#####.#
### #.(....>.# ..#
###############..## ..#######
#..........# ##.... ........#
#..........# #..... ........#
#gS........# #..... ........#
#.@........###..... ........#
#..g............#.. ........#
#..........######.. ........#
#..........# #..... ).......#
#..........# #.###. ........#
#..........# #.#... ).......#
#..........###.....
........##############.#........(
####..........#### #...........


You could see an adder (slow), a hobgoblin and a goblin.

Vanquished Creatures
  An adder (D:2)
  A worm (D:2)
  3 ball pythons
  4 endoplasms
  4 goblins (D:1)
  2 hobgoblins (D:1)
  2 jackals (D:1)
  2 kobolds
  A quokka (D:1)
  4 bats
  3 frilled lizards
  8 rats
35 creatures vanquished.

Notes
Turn   | Place    | Note
-------+----------+-------------------------------------------
     0 | D:1      | iamoutofideas the Demonspawn Ice Elementalist began the
                  | quest for the Orb.
     0 | D:1      | Reached XP level 1. HP: 13/13 MP: 3/3
   474 | D:1      | Found an ancient bone altar of Kikubaaqudgha.
   477 | D:1      | Reached skill level 4 in Ice Magic
   477 | D:1      | Gained mutation: You have a pair of small antennae on your
                  | head. [demonic ancestry]
   477 | D:1      | Reached XP level 2. HP: 17/19 MP: 5/5
  1554 | D:2      | Found a faded altar of an unknown god.
  1587 | D:2      | Gained mutation: You have sharp fingernails. [demonic
                  | ancestry]
  1587 | D:2      | Reached XP level 3. HP: 24/24 MP: 1/6
  1766 | D:1      | HP: 1/24 [poisoned by an adder]
  1766 | D:1      | Slain by an adder

Illustrated notes

Levels and vault maps discovered:
D:1:      dpeg_arrival_ratfight, layout_basic, minivault_24, minmay_hexomino_r4
D:2:      minmay_inner_zag, layout_rooms, hellmonk_ecumenical_altar_run_dry,
          hangedman_feature_mirror, kennysheep_generic_room_2

Skill      XL: |  1  2 |
---------------+-------+-----
Ice Magic      | 4 |  4.3
Stealth        | 2 |  2.1
Short Blades   | |  0.8
Dodging        | |  1.8
Spellcasting   | |  2.2

Action                   || total
-------------------------++-------
Melee: Dagger            ||    35
 Cast: Freeze            ||    33
 Stab: Sleeping          ||     8
Armor: Robe              ||    10
Dodge: Dodged            ||    49
